 Dungeon Crawl Stone Soup version 0.29.1-1-gd02db6906a (webtiles) character file.

Game seed: 4942584772897183843

1839 FastidiousMonk the Fighter (level 8, 0/82 HPs)
             Began as a Minotaur Berserker on Oct 2, 2022.
             Was a Priest of Trog.
             Slain by a gnoll
             ... wielding a +0 spear
             ... led by a gnoll sergeant
              (1 damage)
             ... on level 6 of the Dungeon.
             The game lasted 01:06:05 (7605 turns).

FastidiousMonk the Fighter (Minotaur Berserker)     Turns: 7605, Time: 01:06:06

Health: 0/82       AC: 16    Str: 23    XL:     8   Next: 87%
Magic:  7/7        EV:  7    Int:  4    God:    Trog [***...]
Gold:   340        SH:  0    Dex: 11    Spells: 7/7 levels left

rFire   . . .      SeeInvis .   A - +1 short sword (vamp)
rCold   . . .      Faith    .   (no shield)
rNeg    . . .      Spirit   .   h - +0 plate armour
rPois   .          Reflect  .   (helmet restricted)
rElec   .          Harm     .   w - +1 cloak
rCorr   .          Rampage  .   (no gloves)
Will    ++...                   k - +0 pair of boots
Stlth   ..........              (no amulet)
HPRegen 1.23/turn               (no ring)
MPRegen 0.10/turn               (no ring)

@: lethally poisoned (0 -> -8), strong-willed, on berserk cooldown, attractive,
regenerating
A: horns 2, retaliatory headbutt
a: Renounce Religion, Berserk, Trog's Hand


You were on level 6 of the Dungeon.
You worshipped Trog.
Trog was most pleased with you.
You visited 1 branch of the dungeon, and saw 6 of its levels.

You collected 340 gold pieces.

Inventory:

Hand Weapons
 a - a +3 quarterstaff of chaos
 g - a +3 dagger of speed
 q - a +1 whip of venom
 v - a +0 morningstar
 A - a +1 vampiric short sword (weapon)
 E - a +1 flail of draining
 H - a +0 shortbow
Missiles
 e - 3 boomerangs
 f - 38 stones (quivered)
 J - 6 poisoned darts
Armour
 b - a +0 leather armour of fire resistance
 h - a +0 plate armour (worn)
 k - a +0 pair of boots (worn)
 m - an orb of guile
 w - a +1 cloak (worn)
 y - a +0 cloak
 B - a +0 kite shield
 C - a +1 leather armour of poison resistance
 F - an orb of mayhem
Scrolls
 c - a scroll of magic mapping
 i - 2 scrolls of amnesia {unknown}
 j - a scroll of teleportation
 n - a scroll of identify {unknown}
 p - a scroll of vulnerability {unknown}
 s - a scroll of fear {unknown}
 t - a scroll of enchant weapon {unknown}
 x - a scroll of enchant armour {unknown}
 D - a scroll of summoning {unknown}
 G - a scroll of noise {unknown}
 I - a scroll of acquirement {unknown}
Potions
 d - a potion of flight {unknown}
 l - a potion of cancellation {unknown}
 o - 2 potions of attraction
 r - 2 potions of curing {unknown}
 u - a potion of magic {unknown}
 z - 2 potions of ambrosia {unknown}
 K - a potion of brilliance {unknown}
 L - a potion of might {unknown}


   Skills:
 - Level 11.1 Fighting
 - Level 3.6(5.3) Axes
 + Level 6.1(6.5) Maces & Flails
 + Level 6.7 Armour
 - Level 2.1 Dodging


You had 7 spell levels left.
You didn't know any spells.
Your spell library contained the following spells:

 Spells                   Type           Power      Damage    Failure   Level
 Fireball                 Conj/Fire      0%         3d3       100%        5
 Iskenderun's Battlesphe  Conj           0%         2d6       100%        5
 Conjure Ball Lightning   Conj/Air       0%         3x3d6     100%        6
 Orb of Destruction       Conj           0%         9d5       100%        7


Dungeon Overview and Level Annotations

Branches:
Dungeon (6/15)             Temple (0/1) D:4

Altars:
Ashenzari
Cheibriados
Xom

Shops:
D:2 !   D:4 (

Annotations:
D:1 Altars-UnknownGod
D:2 Shop,RunedDoor
D:4 EcumenicalTemple,Shops
D:5 Altars-Xom,Ashenzari


Innate Abilities, Weirdness & Mutations

You have a pair of horns on your head.
You reflexively headbutt those who attack you in melee.


Message History

You sock the gnoll sergeant!
The gnoll sergeant is heavily wounded.
You feel extremely sick.
The gnoll sergeant hits you but does no damage.
You are more poisoned.
You hit the gnoll sergeant but do no damage.
The gnoll sergeant is severely wounded.
You feel extremely sick.
The gnoll sergeant hits you with a +2 spear of venom!
You are lethally poisoned!
Your skin crawls.
You feel strong-willed.
You feel extremely sick.
The gnoll sergeant hits you but does no damage.
You are lethally poisoned!
You hit the gnoll sergeant.
The gnoll sergeant looks as sick as possible!
The gnoll sergeant is almost dead.
* * * LOW HITPOINT WARNING * * *
You feel extremely sick.
You kill the gnoll sergeant!
Trog accepts your kill.
A gnoll comes into view. It is wielding a +0 club.
Your Maces & Flails skill increases to level 6!
You feel a sense of dread.
A - a +1 vampiric short sword (weapon)
* * * LOW HITPOINT WARNING * * *
You feel very sick.
The gnoll shouts!
You barely miss the gnoll.
* * * LOW HITPOINT WARNING * * *
You feel very sick. The gnoll hits you with a +0 spear!
* * * LOW HITPOINT WARNING * * *
It was a potion of attraction.
You feel attractive to monsters.
* * * LOW HITPOINT WARNING * * *
You feel very sick. The gnoll hits you but does no damage.
The gnoll hits you with a +0 spear.
You die...

.....##.....## ###
..
#............##...
..
#...............
###.............##
#................#
#......).......##
#.....)).......[z
###.gg.)......##.
#.@#...........
##.##..........
####..........
...........
#......!....
#........### ....


You could see 2 gnolls.

Vanquished Creatures
  The ghost of RogueRain17 the Destroyer, a novice DsCj (D:5)
  Menkaure (D:4)
  Duvessa (D:4)
  A black bear (D:5)
  2 ice beasts
  A centaur (D:5)
  A phantom (D:5)
  A scorpion (D:5)
  A gnoll sergeant (D:6)
  A wight (D:6)
  Dowan (D:4)
  3 hounds
  Crazy Yiuf (D:2)
  3 orc priests
  A gnoll bouda (D:6)
  2 iguanas
  2 orc wizards (D:4)
  6 adders
  6 gnolls
  A white imp (D:5)
  3 ufetubi
  5 worms
  3 dart slugs
  28 orcs
  8 bats
  4 endoplasms
  3 giant cockroaches
  6 goblins
  7 hobgoblins
  4 quokkas
  7 ball pythons
  11 frilled lizards
  8 kobolds
  3 rats
137 creatures vanquished.

Vanquished Creatures (others)
  3 plants (D:1)
3 creatures vanquished.

Grand Total: 140 creatures vanquished

Notes
Turn   | Place    | Note
-------+----------+-------------------------------------------
     0 | D:1      | FastidiousMonk the Minotaur Berserker began the quest for
                  | the Orb.
     0 | D:1      | Reached XP level 1. HP: 19/19 MP: 0/0
   369 | D:1      | Reached skill level 4 in Fighting
   392 | D:1      | Reached XP level 2. HP: 28/28 MP: 1/1
  1017 | D:1      | Reached skill level 5 in Fighting
  1073 | D:1      | Found a faded altar of an unknown god.
  1089 | D:1      | Reached XP level 3. HP: 33/36 MP: 2/2
  1436 | D:2      | Reached ** piety under Trog
  1599 | D:2      | Found Touneot's Distillery.
  1704 | D:2      | Reached skill level 6 in Fighting
  1704 | D:2      | Reached XP level 4. HP: 9/44 MP: 3/3
  2347 | D:2      | Found a runed translucent door.
  2348 | D:2      | Noticed Crazy Yiuf
  2429 | D:2      | Killed Crazy Yiuf
  2870 | D:3      | Reached XP level 5. HP: 51/51 MP: 4/4
  2965 | D:3      | Reached skill level 7 in Fighting
  3341 | D:3      | Reached *** piety under Trog
  3568 | D:4      | Noticed Duvessa
  3568 | D:4      | Found Couphued's Weapon Boutique.
  3811 | D:4      | Reached skill level 8 in Fighting
  3912 | D:4      | Noticed Dowan
  3934 | D:4      | Killed Duvessa
  3935 | D:4      | Reached XP level 6. HP: 62/62 MP: 5/5
  3954 | D:4      | Killed Dowan
  3955 | D:4      | Reached skill level 9 in Fighting
  4252 | D:4      | Found a staircase to the Ecumenical Temple.
  4268 | D:4      | Reached XP level 7. HP: 67/67 MP: 6/6
  4570 | D:4      | Noticed Menkaure
  4580 | D:4      | Killed Menkaure
  4581 | D:4      | Reached skill level 10 in Fighting
  5100 | D:4      | Found Luesaschiav's Antique Armour Boutique.
  5303 | D:5      | Entered Level 5 of the Dungeon
  5369 | D:5      | Found a shimmering altar of Xom.
  5372 | D:5      | Found a broken altar of Ashenzari.
  5418 | D:5      | Reached skill level 11 in Fighting
  5532 | D:5      | Found a runed translucent door.
  5539 | D:5      | Noticed RogueRain17's ghost (novice DsCj)
  5767 | D:5      | Killed RogueRain17's ghost
  5768 | D:5      | Reached XP level 8. HP: 82/82 MP: 7/7
  5981 | D:5      | Reached skill level 5 in Armour
  6248 | D:5      | Found a snail-covered altar of Cheibriados.
  7080 | D:5      | Reached skill level 5 in Maces & Flails
  7604 | D:6      | HP: 4/82 [gnoll/+0 spear[a gnoll sergeant] (7)]
  7605 | D:6      | HP: 1/82 [poisoned by a gnoll sergeant]
  7605 | D:6      | Slain by a gnoll

Illustrated notes

Levels and vault maps discovered:
D:1:      tarquinn_simple_flora_water_a, layout_basic,
          shapermc_ecumenical_altar_starsandcircs
D:2:      layout_rooms, serial_shops, shop, minmay_heptomino_l4,
          uniq_crazy_yiuf_cottage
D:3:      layout_basic, kennysheep_generic_room_3
D:4:      layout_gridville, minmay_temple_entry_trees, serial_shops,
          nicolae_stop_n_shop_2, nicolae_inconvenience_store, uniq_duvessa,
          uniq_menkaure
D:5:      layout_loops_cross, nicolae_overflow_squiral,
          nicolae_overflow_hidden_temple, ebering_ghost_sewer_d
D:6:      layout_cave_pools, ebering_ghost_reflecting_pool

Skill      XL: |  1  2  3  4  5  6  7  8 |
---------------+-------------------------+-----
Fighting       | 4 5 6 8 9 11 | 11.1
Maces & Flails | 3 6 |  6.1
Armour         | 4 6 |  6.7
Axes           | |  3.6
Dodging        | |  2.1

Action                   |  1- 3 |  4- 6 |  7- 9 || total
-------------------------+-------+-------+-------++-------
Melee: Hand axe          |   100 |     2 |       ||   102
       Headbutt          |    13 |     8 |    18 ||    39
       Whip              |       |    28 |       ||    28
       Quarterstaff      |       |    84 |   107 ||   191
       Short sword       |       |       |     1 ||     1
Invok: Berserk           |       |     3 |     2 ||     5
       Trog's Hand       |       |       |     2 ||     2
  Use: Scroll            |       |     2 |       ||     2
       Potion            |       |       |     1 ||     1
Armor: Plate armour      |    49 |    80 |    77 ||   206
Dodge: Dodged            |    44 |    47 |    37 ||   128
